Map: Écho EC

Players

AgCl

  • Race: Protoss Protoss
  • League: Grandmaster

OKAY - Winner!

  • Race: Protoss Protoss
  • League: Grandmaster

VOD

Have the link to the VOD?

Description

Time

  • Played on: June 15, 2015, 4:50 p.m.
  • Length: 3:37
Show
View Real Time Build Order
Export as new Build Order

AgCl Protoss 

Build Orders: Nexus First 

Get SALT Encoding   

  12  0:01  Probe  
  13  0:14  Probe  
  14  0:25  Pylon  
  14  0:51  Nexus  
  14  0:54  Probe  
  15  1:06  Probe (Chrono Boost)  
  15  1:08  Assimilator  
  16  1:21  Probe (Chrono Boost), Gateway  
  17  1:28  Probe (Chrono Boost)  
  19  1:40  Probe (Chrono Boost)  
  20  1:47  Probe (Chrono Boost)  
  20  1:55  Pylon  
  20  1:57  Probe (Chrono Boost), Gateway  
  23  2:09  Probe x2 (Chrono Boost)  
  23  2:10  Cybernetics Core  
  23  2:18  Probe (Chrono Boost)  
  23  2:21  Probe (Chrono Boost), Assimilator  
  25  2:26  Probe (Chrono Boost)  
  25  2:29  Probe (Chrono Boost)  
  27  2:35  Pylon  
  28  2:39  Probe (Chrono Boost)  
  28  2:40  Probe (Chrono Boost)  
  28  2:43  Pylon  
  29  2:49  Probe (Chrono Boost)  
  29  2:51  Probe (Chrono Boost)  
  31  2:54  Stargate  
  31  2:56  Probe (Chrono Boost)  
  33  2:59  Probe (Chrono Boost)  
  32  3:06  Probe (Chrono Boost)  
  34  3:13  Probe (Chrono Boost)  
  34  3:18  Probe (Chrono Boost)  
  33  3:23  Pylon  
  33  3:25  Probe x2 (Chrono Boost)  
Show
View Real Time Build Order
Export as new Build Order

OKAY Protoss - Winner!

Build Orders: Oracle Opening 

Get SALT Encoding   

  12  0:09  Pylon  
  12  0:13  Probe  
  13  0:25  Probe  
  14  0:30  Gateway  
  14  0:37  Probe  
  15  0:44  Assimilator  
  15  0:49  Probe  
  16  1:01  Probe (Chrono Boost)  
  17  1:11  Probe (Chrono Boost)  
  18  1:13  Pylon  
  18  1:17  Zealot  
  20  1:20  Assimilator  
  20  1:25  Cybernetics Core  
  20  1:28  Probe  
  21  1:40  Probe  
  22  1:52  Probe (Chrono Boost)  
  24  2:02  Probe (Chrono Boost), Stargate  
  24  2:09  Probe  
  25  2:21  Probe  
  26  2:22  Stalker (Chrono Boost)  
  28  2:33  Probe  
  29  2:37  Pylon  
  29  2:43  Pylon  
  29  2:55  Oracle (Chrono Boost)  
  34  3:16  Pylon  
Tags
 
Add a new tag
Caveats
  • Supply blocks, unpowered buildings, or Contaminate may cause inaccurate times.
  • Supply counts are checked every 10 seconds.